 Dungeon Crawl Stone Soup version 0.31-a0-743-g45f7035092 (webtiles) character file.

Game seed: 1126157453971425321

60 cforsyth the Trooper (level 4, -8/29 (37) HPs)
             Began as a Djinni Chaos Knight on Sept 13, 2023.
             Was a Plaything of Xom.
             Mangled by a culicivora (shapeshifter) (12 damage)
             ... on level 2 of the Dungeon.
             The game lasted 00:00:58 (707 turns).

cforsyth the Trooper (Djinni Chaos Knight)           Turns: 707, Time: 00:00:58

HP:   -8/29 (37)    AC:  5    Str: 11    XL:     4   Next: 25%
Gold: 95            EV: 11    Int: 16    God:    Xom [.....*] SH:  0 Dex: 12

rFire   + + .        a - +0 falchion (chaos)
rCold   x . .        (no shield)
rNeg    . . .        b - +2 leather armour
rPois   ∞            (no helmet)
rElec   .            (no cloak)
rCorr   .            (no gloves)
SInv    .            (boots unavailable)
Will    .....        (no amulet)
Stlth   +            (no ring)
HPRegen 0.24/turn    (no ring)
MPRegen 0.00/turn

%: infuse magic (-9 HP)
@: flying, heavily drained
A: sickness immunity, fire resistance 2, cold vulnerability 1, float, innate
caster, HP casting, extra vitality 1
a: Renounce Religion


You were on level 2 of the Dungeon.
You worshipped Xom.
You were Xom's teddy bear.
You visited 1 branch of the dungeon, and saw 2 of its levels.

You collected 95 gold pieces.

Inventory:

Hand Weapons
 a - a +0 falchion of chaos (weapon)
Armour
 b - a +2 leather armour (worn)
Scrolls
 c - a scroll of butterflies
 d - a scroll of identify {unknown}
 h - a scroll of immolation {unknown}
 i - a scroll of silence {unknown}
Potions
 e - 2 potions of haste {unknown}
 f - 2 potions of mutation {unknown}
 g - a potion of lignification {unknown}


   Skills:
 + Level 4.0 Fighting
 - Level 2.6 Long Blades
 - Level 1.0 Armour
 - Level 2.1 Dodging
 + Level 1.6 Spellcasting
 + Level 1.6 Conjurations
 + Level 1.6 Hexes
   Level 0.0 Charms
 + Level 1.6 Summonings
 + Level 1.6 Necromancy
 + Level 1.6 Translocations
 + Level 1.6 Transmutations
 + Level 1.6 Fire Magic
 + Level 1.6 Ice Magic
 + Level 1.6 Air Magic
 + Level 1.6 Earth Magic
 + Level 1.6 Poison Magic


You knew the following spells:

 Your Spells              Type           Power      Damage    Failure   Level
a - Kiss of Death         Conj/Necr      24%        2d7       14%         1
Your spell library was empty.

Dungeon Overview and Level Annotations

Branches:
Dungeon (2/15)

Altars:


Innate Abilities, Weirdness & Mutations

You are immune to sickness and miasma.
You are immune to poison.
Your flesh is very heat resistant. (rF++)
You are vulnerable to cold. (rC-)
You float through the air rather than walking.
You learn spells naturally, not from books.
Your magical power is your life essence.
You have superior vitality. (+4 MHP)


Message History

A quokka comes into view.
You barely miss Terence. You punch Terence.
Terence is lightly wounded.
Terence hits you with a +0 mace.
You see here a book of Blasting.
Terence attacks as he pursues you! Terence closely misses you.
Casting: Kiss of Death (safe; 19% risk of failure)
Confirm with . or Enter, or press ? or * to list all spells.
Aiming: Kiss of Death (safe; 19% risk of failure)
Press: ? - help, Shift-Dir - straight line, f - Terence
Aim: Terence, wielding a +0 mace and wearing a +2 chain mail of willpower (100% to hit)
The negative energy hits Terence!
Terence is drained!
Terence is severely wounded.
You feel drained. Terence hits you with a +0 mace.
Casting: Kiss of Death (safe; 19% risk of failure)
Confirm with . or Enter, or press ? or * to list all spells.
Aiming: Kiss of Death (safe; 19% risk of failure)
Press: ? - help, Shift-Dir - straight line, f/p - Terence
Aim: Terence, wielding a +0 mace and wearing a +2 chain mail of willpower (severely wounded, heavily drained, 100% to hit)
The negative energy hits Terence.
Terence is drained!
Terence is almost dead.
You feel drained. Terence hits you with a +0 mace.
You hit Terence but do no damage.
Terence is poisoned.
Terence is almost dead.
You kill Terence!
Your Fighting skill increases to level 4!
You have reached level 4!
You feel clever.
You hit the quokka.
The quokka changes into a shapeshifter!
Xom is highly amused!
The shapeshifter changes into a culicivora!
You closely miss the culicivora. The culicivora completely misses you.
You hit the culicivora.
The culicivora is lightly wounded.
The culicivora bites you!!
Ouch! That really hurt!
* * * LOW HITPOINT WARNING * * *
The culicivora bites you!
You die...
Xom guffaws!

##.##.###.#####.#
#..###.#.## #.#
#†####...######.#########
#.............#.........#
#.####...####.'.†.......+
#.####.#.# ###.........#
#...#.###.## ####......#
##...#####.####.....†.).#
#.....s@..##.........###
#.....#####..###.###..#
#####..:†##
#.##.....##[## #........#
#...#...#... #.....####
#.<...<.#..# #.....#
#..#..._...#..# #>....+
#..#.#...#.#... #.....#
#......<......# #.....
##..#.....#..##


You could see a culicivora shaped shifter.

Vanquished Creatures
  Terence (D:2)
  An adder (D:2)
  3 dart slugs
  3 endoplasms (D:1)
  2 giant cockroaches
  3 goblins (D:1)
  A hobgoblin (D:2)
  4 ball pythons
  5 bats
  3 rats
26 creatures vanquished.

Notes
Turn   | Place    | Note
-------+----------+-------------------------------------------
     0 | D:1      | cforsyth the Djinni Chaos Knight began the quest for the
                  | Orb.
     0 | D:1      | Reached XP level 1. HP: 20/20 MP: 0/0
    58 | D:1      | XOM: silly message
    92 | D:1      | Reached XP level 2. HP: 25/25 MP: 0/0
   317 | D:1      | Reached skill level 1 in Spellcasting
   317 | D:1      | Reached skill level 1 in Conjurations
   317 | D:1      | Reached skill level 1 in Hexes
   317 | D:1      | Reached skill level 1 in Summonings
   317 | D:1      | Reached skill level 1 in Necromancy
   317 | D:1      | Reached skill level 1 in Translocations
   317 | D:1      | Reached skill level 1 in Transmutations
   317 | D:1      | Reached skill level 1 in Fire Magic
   317 | D:1      | Reached skill level 1 in Ice Magic
   317 | D:1      | Reached skill level 1 in Air Magic
   317 | D:1      | Reached skill level 1 in Earth Magic
   317 | D:1      | Reached skill level 1 in Poison Magic
   561 | D:2      | Found a faded altar of an unknown god.
   571 | D:2      | Reached XP level 3. HP: 30/30 MP: 0/0
   571 | D:2      | Learned a level 1 spell: Kiss of Death
   582 | D:2      | XOM: 7-stop teleportation journey
   692 | D:2      | Noticed Terence
   704 | D:2      | Killed Terence
   705 | D:2      | Reached skill level 4 in Fighting
   705 | D:2      | Reached XP level 4. HP: 23/29 MP: 0/0
   705 | D:2      | a quokka changed into a shapeshifter
   705 | D:2      | Noticed a shapeshifter (shapeshifter)
   705 | D:2      | a shapeshifter changed into a culicivora
   705 | D:2      | Noticed a culicivora (shapeshifter)
   707 | D:2      | Mangled by a culicivora (shapeshifter)

Illustrated notes

Levels and vault maps discovered:
D:1:      psy_arrival_basics, layout_basic
D:2:      layout_basic, nicolae_ecumenical_pavilion, hex_intersection,
          uniq_terence

Skill      XL: |  1  2  3 |
---------------+----------+-----
Spellcasting   | 1 |  1.6
Conjurations   | 1 |  1.6
Hexes          | 1 |  1.6
Summonings     | 1 |  1.6
Necromancy     | 1 |  1.6
Translocations | 1 |  1.6
Transmutations | 1 |  1.6
Fire Magic     | 1 |  1.6
Ice Magic      | 1 |  1.6
Air Magic      | 1 |  1.6
Earth Magic    | 1 |  1.6
Poison Magic   | 1 |  1.6
Fighting       | 4 |  4.0
Long Blades    | |  2.6
Armour         | |  1.0
Dodging        | |  2.1

Action                     |  1- 3 |  4- 6 || total
---------------------------+-------+-------++-------
  Melee: Falchion          |    71 |     3 ||    74
         Punch             |     1 |       ||     1
   Cast: Kiss of Death     |     2 |       ||     2
 Armour: Leather armour    |    43 |     2 ||    45
  Dodge: Dodged            |    44 |     1 ||    45

Table legend: (Time is in decaauts)
 A = Elapsed time spent in this place.
 B = Non-inter-level travel time spent in this place.
 C = Inter-level travel time spent in this place.
 D = Time resting spent in this place.
 E = Time spent auto-exploring this place.
 F = Levels seen in this place.
 G = Mean time per level.
                   A        B        C        D        E       F      G
               +--------+--------+--------+--------+--------+-----+--------+
         Total |    719 |    690 |     29 |      0 |    514 |   2 |  359.5 |
       Dungeon |    719 |    690 |     29 |      0 |    514 |   2 |  359.5 |
               +--------+--------+--------+--------+--------+-----+--------+

Top non-repeatable levels by time:
     D:1: 567 daAuts
     D:2: 152 daAuts
